 Dungeon Crawl Stone Soup version 0.21-a0-135-g8dc100c (webtiles) character file.

102 tof the Poker (level 4, -3/61 HPs)
             Began as a Minotaur Berserker on July 17, 2017.
             Was a Believer of Trog.
             Slain by an orc
             ... wielding a +0 trident
              (5 damage)
             ... on level 3 of the Dungeon.
             The game lasted 00:02:40 (1380 turns).

tof the Poker (Minotaur Berserker)                  Turns: 1380, Time: 00:02:41

Health: -3/61      AC:  2    Str: 26    XL:     4   Next: 49%
Magic:  3/3        EV: 13    Int:  4    God:    Trog [**....]
Gold:   68         SH:  0    Dex: 11    Spells: 3/3 levels left

rFire    . . .     SeeInvis .   a - +0 spear
rCold    . . .     Gourm    .   (no shield)
rNeg     . . .     Faith    .   b - +0 animal skin
rPois    .         Spirit   .   (helmet restricted)
rElec    .         Reflect  .   (no cloak)
rCorr    .         Harm     .   (no gloves)
MR       .....                  (no boots)
Stlth    ..........             (no amulet)
HPRegen  0.20/turn              (no ring)
MPRegen  0.08/turn              (no ring)

@: berserking, very quick
A: retaliatory headbutt, horns 2
a: Berserk, Trog's Hand, Burn Spellbooks, Renounce Religion


You were on level 3 of the Dungeon.
You worshipped Trog.
Trog was pleased with you.
You were very hungry.

You visited 1 branch of the dungeon, and saw 3 of its levels.

You collected 68 gold pieces.

Inventory:

Hand Weapons
 a - a +0 spear (weapon)
Armour
 b - a +0 animal skin (worn)
Jewellery
 f - a cursed +3 ring of strength {unknown}
Scrolls
 d - 5 scrolls of identify {unknown}
 e - 3 scrolls of enchant weapon {unknown}
 g - a scroll of random uselessness {unknown}
 k - 3 scrolls of remove curse {unknown}
 l - a scroll of amnesia {unknown}
 n - a scroll of noise {unknown}
 p - a scroll of teleportation {unknown}
Potions
 i - 3 potions of mutation {unknown}
 j - 2 potions of lignification {unknown}
 m - a potion of haste {unknown}
 o - a potion of curing {unknown}
 r - a potion of heal wounds {unknown}
 s - 2 potions of magic {unknown}
Comestibles
 c - a bread ration
 h - 3 meat rations
 q - 2 royal jellies
 t - 5 chunks of flesh


   Skills:
 + Level 4.4 Fighting
 * Level 4.5 Polearms
 * Level 3.7 Armour
 + Level 2.9 Dodging


You had 3 spell levels left.
You didn't know any spells.

Dungeon Overview and Level Annotations

Branches:
Dungeon (3/15)

Altars:
Uskayaw


Innate Abilities, Weirdness & Mutations

You reflexively headbutt those who attack you in melee.
You have a pair of horns on your head.


Message History

You barely miss the orc. The orc hits you but does no damage.
You hit the orc but do no damage. Your headbutt misses the orc.
The orc completely misses you.
You closely miss the orc.
The orc hits you from afar with a trident.
* * * LOW HITPOINT WARNING * * *
The orc misses you.
You closely miss the orc. The orc closely misses you.
The orc hits you with a mace of protection.
* * * LOW HITPOINT WARNING * * *
You hit the orc but do no damage. The orc completely misses you.
A red film seems to cover your vision as you go berserk!
You feel yourself moving faster!
You feel mighty!
You are feeling very hungry.
The orc barely misses you. The orc misses you.
You puncture the orc!
You kill the orc!
Trog accepts your kill. The orc hits you with a trident.
You die...

...####.###...##
...# #...##.#..#
...# #.....)...#
...# #..#......##
...
###.#..#.##.########
. #.######.# .......
#..#....#.###...# #.
#..##..##....# ##
##.##..#@o#).#
#..###.##.......
#.#.#### ..#####
#_### #.# ### .. ###


You could see an orc.

Vanquished Creatures
  An orc wizard (D:3)
  2 adders (D:2)
  A leopard gecko (D:2)
  4 orcs (D:3)
  6 bats
  2 giant cockroaches
  6 goblins
  7 hobgoblins
  10 jackals
  4 kobolds
  A frilled lizard (D:2)
  4 rats
48 creatures vanquished.

Notes
Turn   | Place    | Note
-------+----------+-------------------------------------------
     0 | D:1      | tof the Minotaur Berserker began the quest for the Orb.
     0 | D:1      | Reached XP level 1. HP: 19/19 MP: 0/0
   348 | D:1      | Reached XP level 2. HP: 27/27 MP: 1/1
   849 | D:2      | Found a hide-covered altar of Uskayaw.
   919 | D:2      | Reached XP level 3. HP: 31/33 MP: 2/2
  1320 | D:3      | Reached XP level 4. HP: 31/40 MP: 3/3
  1343 | D:3      | Found a faded altar of an unknown god.
  1361 | D:3      | Reached ** piety under Trog
  1376 | D:3      | HP: 1/41 [orc/mace of protection (5)]
  1380 | D:3      | Slain by an orc

Vault maps used:
D:1:      erik_arrival_blinker_ship
D:2:      lemuel_round_altar
D:3:      chequers_ecumenical_altar_grove

Skill      XL: |  1  2  3 |
---------------+----------+-----
Polearms       | 4 |  4.5
Fighting       | 4 |  4.4
Armour         | 3 |  3.7
Dodging        | |  2.9

Action                   |  1- 3 |  4- 6 || total
-------------------------+-------+-------++-------
Melee: Spear             |    95 |    20 ||   115
       Headbutt          |     9 |     3 ||    12
Invok: Berserk           |       |     1 ||     1
 Stab: Distracted        |     1 |       ||     1
  Eat: Chunk             |     1 |       ||     1
Armor: Animal skin       |    14 |     4 ||    18
Dodge: Dodged            |    44 |    22 ||    66
